 Dungeon Crawl Stone Soup version 0.16-a0-331-g39fd2ee (webtiles) character file.

311 Jenx the Cudgeler (level 6, 0/37 HPs)
             Began as a Gargoyle Fighter on Sept 8, 2014.
             Slain by an ogre
             ... wielding a +0 giant spiked club
              (26 damage)
             ... on Level 4 of the Dungeon.
             The game lasted 00:10:06 (2990 turns).

Jenx the Cudgeler (Gargoyle Fighter)                Turns: 2990, Time: 00:10:07

HP   0/37        AC 13     Str 19      XL: 6   Next: 42%
MP   6/6         EV  4     Int  9      God:
Gold 164         SH  9     Dex 11      Spells:  0 memorised,  5 levels left

rFire  . . .     SeeInvis .     a - +0 flail
rCold  . . .     Clarity  .     m - +0 chain mail
rNeg   + . .     rCorr    .     c - +0 shield
rPois  +         rRot     +     (no helmet)
rElec  +         Spirit   .     (no cloak)
SustAb .         Warding  .     (no gloves)
rMut   .         Stasis   .     (no boots)
Gourm  .                        (no amulet)
MR     .....                    (no ring)
                                (no ring)

@: not resistant to hostile enchantments, extremely unstealthy
A: negative energy resistance 1, electricity resistance, unbreathing,
petrification resistance, rot immunity, AC +4
a: no special abilities


You were on level 4 of the Dungeon.
You were hungry.

You visited 1 branch of the dungeon, and saw 4 of its levels.

You collected 164 gold pieces.

Inventory:

Hand weapons
 a - a +0 flail (weapon)
 b - a +0 blowgun
Missiles
 o - 8 javelins (quivered)
 v - 14 poisoned needles
Armour
 c - a +0 shield (worn)
 m - a +0 chain mail (worn)
 n - a +0 buckler
 r - a +0 plate armour
Comestibles
 d - 5 bread rations
 p - a rotting chunk of giant gecko flesh
 s - 4 fruits
 u - a royal jelly
 w - a meat ration
 x - a chunk of ogre flesh
 z - a rotting chunk of goblin flesh
Scrolls
 f - a scroll of remove curse {unknown}
 h - 5 scrolls of identify {unknown}
 j - a scroll of teleportation {unknown}
 k - a scroll of blinking {unknown}
 q - a scroll of immolation {unknown}
Potions
 e - a potion of might
 g - a potion of restore abilities {unknown}
 i - a potion of curing {unknown}
 l - a potion of heal wounds {unknown}
 t - a potion of cancellation {unknown}
 A - a potion of cure mutation {unknown}
 B - a potion of brilliance {unknown}


   Skills:
 - Level 3.2 Fighting
 * Level 6.6 Maces & Flails
 - Level 3.2 Armour
 - Level 3.2 Shields


You had 5 spell levels left.
You didn't know any spells.

Dungeon Overview and Level Annotations

Branches:
Dungeon (4/15)
 Temple: D:4-7

Altars:
Zin
The Shining One


Innate Abilities, Weirdness & Mutations

You are resistant to torment.
You are immune to poison.
Your stone body is very resilient (AC +4).
You resist negative energy.
You are resistant to electric shocks.
You can survive without breathing.
You are immune to petrification.
You are immune to rotting.


Message History

You hit the orc but do no damage.
The orc is moderately wounded.
You closely miss the orc. The orc hits you but does no damage.
You hit the orc.
The orc is severely wounded.
The orc hits you but does no damage.
The orc loudly yells encouragement to no one in particular.
You sock the orc!
You kill the orc!
You sock the ogre!
The ogre is moderately wounded.
You block the ogre's attack.
You sock the ogre!
The ogre is severely wounded.
You block the ogre's attack.
You hit the ogre.
The ogre is almost dead.
The ogre hits you with a giant spiked club!!
Ouch! That really hurt!
You die...

###### ..#...##
....%...##
..........# #
...........# .#
........[..##.#
#.........#...
..........##.#####..
.........oO@......)#
.........###.####..#
...####..........#.
##........%.....
#......).......#
#...............
#......[.......#
##........>..<..#
..................


You could see an ogre and an orc.

Vanquished Creatures
  An ogre (D:4)
  An orc priest (D:3)
  Natasha (twice) (D:3)
  4 adders (D:2)
  2 worms
  4 giant geckos
  13 orcs
  4 bats
  5 giant cockroaches
  12 goblins
  16 hobgoblins
  3 jackals (D:2)
  20 kobolds
  A ball python (D:2)
  A giant newt (D:2)
  7 rats
96 creatures vanquished.

Notes
Turn   | Place    | Note
--------------------------------------------------------------
     0 | D:1      | Jenx, the Gargoyle Fighter, began the quest for the Orb.
     0 | D:1      | Reached XP level 1. HP: 14/14 MP: 1/1
   113 | D:1      | Reached XP level 2. HP: 19/19 MP: 2/2
   764 | D:2      | Reached XP level 3. HP: 23/23 MP: 3/3
  1059 | D:2      | Reached skill level 4 in Maces & Flails
  1142 | D:2      | Reached XP level 4. HP: 28/28 MP: 4/4
  1831 | D:3      | Reached skill level 5 in Maces & Flails
  1831 | D:3      | Reached XP level 5. HP: 24/32 MP: 5/5
  2012 | D:3      | Found a glowing golden altar of the Shining One.
  2500 | D:3      | Noticed Natasha
  2509 | D:3      | Killed Natasha
  2703 | D:3      | Found a glowing silver altar of Zin.
  2862 | D:3      | Noticed Natasha
  2876 | D:3      | Killed Natasha
  2876 | D:3      | Reached skill level 6 in Maces & Flails
  2892 | D:4      | Noticed an ogre
  2899 | D:4      | Killed an ogre
  2899 | D:4      | Reached XP level 6. HP: 27/37 MP: 6/6
  2990 | D:4      | Slain by an ogre

Action                   |  1- 3 |  4- 6 || total
-------------------------+-------+-------++-------
Melee: Flail             |   129 |   271 ||   400
Throw: Javelin           |       |     4 ||     4
  Eat: Chunk             |     1 |     6 ||     7
